 Dungeon Crawl Stone Soup version 0.32-a0-401-g0bcb2a7693 (webtiles) character file.

Game seed: 17629072682248410133

17222 Asfel the Cleaver (level 12, 0/91 HPs)
             Began as a Demonspawn Chaos Knight on Feb 20, 2024.
             Was a Plaything of Xom.
             Killed from afar by an electric eel (8 damage)
             ... with a bolt of electricity
             ... on level 11 of the Dungeon.
             The game lasted 00:44:49 (8780 turns).

Asfel the Cleaver (Demonspawn Chaos Knight)         Turns: 8780, Time: 00:44:52

Health: 0/91       AC: 21    Str: 16    XL:     12   Next: 17%
Magic:  26/32      EV: 11    Int: 21    God:    Xom [......]
Gold:   511        SH:  0    Dex: 12    Spells: 1/23 levels left

rFire   . . .        y - +16 obsidian axe {drain, demonic, Mesm ^Drain Fly SInv}
rCold   . . .        (no shield)
rNeg    . . .        B - +3 plate armour
rPois   .            c - +1 hat {Will+}
rElec   .            K - +0 cloak
rCorr   .            o - +2 pair of gloves
SInv    +            (no boots)
Will    +....        e - amulet of regeneration Stlth
                     g - ring of magical power
HPRegen 1.95/turn    (no ring)
MPRegen 0.23/turn

%: wizardry (x1)
@: agile, flying, mesmerised, very slightly contaminated, wreathed by umbra
A: hooves 2, powered by pain 1, big brain 3, foul shadow 1, high MP 1,
regeneration 1
a: Renounce Religion


You were on level 11 of the Dungeon.
You worshipped Xom.
You were a very special plaything of Xom.
You visited 1 branch of the dungeon, and saw 11 of its levels.
You also visited: Bailey.

You collected 646 gold pieces.
You spent 135 gold pieces at shops.

Inventory:

Hand Weapons
 a - a +1 falchion of chaos
 j - the +0 trident of Fragile Peace {heavy, rN++}
   (You found it on level 2 of the Dungeon)

   rN++:      It greatly protects you from negative energy.
 u - a +0 long sword
 y - the +16 obsidian axe (weapon) {drain, demonic, Mesm ^Drain Fly SInv}
   (You found it on level 6 of the Dungeon)

   Mesm:      Its wielder is mesmerised by any visible foes, and it cannot be
   unequipped while any foes are visible.
   SInv:      It lets you see invisible.
   Fly:       It grants you flight.
   ^Drain:    It drains your maximum health when unequipped.
Missiles
 n - a throwing net (quivered)
Armour
 b - a +3 leather armour
 c - a +1 hat of willpower (worn)
 d - a +0 barding
 f - a +0 scale mail
 o - a +2 pair of gloves (worn)
 v - a +0 helmet
 B - a +3 plate armour (worn)
 K - a +0 cloak (worn)
Magical Staves
 G - a staff of earth
 H - the staff of Tyaxer {rC+ Dex+3 Ice}
   (You found it on level 7 of the Dungeon)

   [staff of cold]

   Base accuracy: +5 Base damage: 5 Base attack delay: 1.2 This weapon's minimum
   attack delay (0.6) is reached at skill level 12.
   Dex+3:     It affects your dexterity (+3).
   rC+:       It protects you from cold.
   Ice:       It increases the power of your Ice spells.
   It falls into the 'Staves' category.
   It is a one-handed weapon.
 I - a staff of air
Jewellery
 e - an amulet of regeneration (around neck)
 g - a ring of magical power (left hand)
 A - an amulet of reflection
 N - an amulet of faith
Talismans
 D - a maw talisman
Wands
 h - a wand of flame (21)
 k - a wand of mindburst (14)
 t - a wand of charming (5)
 J - a wand of quicksilver (13)
Scrolls
 m - 5 scrolls of teleportation
 p - a scroll of immolation
 x - 2 scrolls of revelation
 z - 2 scrolls of identify
 F - a scroll of poison
 L - a scroll of enchant weapon
Potions
 i - 5 potions of curing
 l - 3 potions of berserk rage
 q - a potion of degeneration
 r - 4 potions of attraction
 s - a potion of enlightenment
 w - 3 potions of haste
 C - a potion of brilliance


   Skills:
 + Level 7.6 Fighting
 - Level 7.2 Long Blades
 + Level 9.6 Axes
 + Level 6.2 Armour
 + Level 5.0 Dodging
 + Level 5.8 Stealth
 * Level 6.2 Spellcasting
 * Level 1.1 Conjurations
 * Level 1.4 Summonings
 * Level 0.2 Necromancy
 * Level 2.7 Ice Magic
 * Level 2.5 Air Magic
 * Level 2.7 Earth Magic
 * Level 1.4 Alchemy


You had one spell level left.
You knew the following spells:

 Your Spells              Type           Power      Damage    Failure   Level
a - Summon Ice Beast      Ice/Summ       15%        N/A       89%         3
b - Kiss of Death         Conj/Necr      36%        2d8       75%         1
c - Lehudib's Crystal Sp  Conj/Erth      7%         10d3      100%        8
d - Dispel Undead         Necr           7%         3d8       100%        4
e - Passwall              Erth           18%        N/A       82%         3
f - Necrotise             Necr           28%        1d5       80%         1
g - Mercury Vapours       Alch/Air       28%        N/A       71%         2

Your spell library contained the following spells:

 Spells                   Type           Power      Damage    Failure   Level
 Sublimation of Blood     Necr           7%         N/A       90%         2
 Jinxbite                 Hex            12%        N/A       92%         2
 Mephitic Cloud           Conj/Alch/Air  13%        N/A       92%         3
 Confusing Touch          Hex            6%         N/A       99%         3
 Leda's Liquefaction      Alch/Erth      7%         N/A       99%         4
 Freezing Cloud           Conj/Ice/Air   7%         6-21      100%        5
 Summon Mana Viper        Hex/Summ       9%         N/A       100%        5
 Ozocubu's Refrigeration  Ice            8%         4d9       100%        7


Dungeon Overview and Level Annotations

Branches:
Dungeon (11/15)            Bailey (visited)
 Temple: D:4-7         Lair: D:8-11         Orc: D:9-12

Altars:
Ashenzari
Fedhas
Gozag
Kikubaaqudgha
Okawaru
Sif Muna
Vehumet
Xom

Shops:
D:4 ?   D:11 !


Innate Abilities, Weirdness & Mutations

You have hoof-like feet.
You sometimes gain a little power by taking damage.
You have an absolutely massive brain. (Int +6, Wiz)
You are faintly shadowed, very rarely releasing foul flame when damaged in melee.
You have an increased reservoir of magic. (+10% MP)
Your natural rate of healing is unusually fast.


Message History

The centaur warrior shoots an arrow.
The arrow hits you.
The electric eel shoots out a bolt of lightning at you!
The bolt of electricity misses you.
The bolt of electricity hits you but does no damage.
You feel much better.
The hound barks!
The centaur warrior shoots an arrow.
The arrow hits you!!
You focus on the pain.
You feel agile all of a sudden.
The electric eel shoots out a bolt of lightning at you!
The bolt of electricity hits you. The bolt of electricity hits you!
An electric eel comes into view.
Okay, then.
Okay, then.
The electric eel shoots out a bolt of lightning at you!
The bolt of electricity hits you! The bolt of electricity hits you.
* * * LOW HITPOINT WARNING * * *
A hound comes into view.
The hound barks!
The centaur warrior unwields a +0 shortbow.
The centaur warrior hits you but does no damage.
The centaur warrior kicks you but does no damage.
The electric eel shoots out a bolt of lightning at you!
The bolt of electricity hits the electric eel.
The electric eel completely resists.
The bolt of electricity hits you but does no damage.
The electric eel shoots out a bolt of lightning at you!
The bolt of electricity hits you!
* * * LOW HITPOINT WARNING * * *
The bolt of electricity hits you!
* * * LOW HITPOINT WARNING * * *
You barely miss the centaur warrior. You slash the electric eel!
The centaur warrior barely misses you. The centaur warrior kicks you.
* * * LOW HITPOINT WARNING * * *
The electric eel shoots out a bolt of lightning at you!
The bolt of electricity hits you.
* * * LOW HITPOINT WARNING * * *
The bolt of electricity hits you!
You die...
Xom roars with laughter!

+)...... ...~~~....#
#....... .~.~≈≈~...#
#....... ~~~≈h.....#
######'# ≈~~S~.....#
#.# ~.~.~~~... ##.#
≈~....~.. ##..#
.~.~..Sh### ##..##
.~....c@..# #..##
......h..)### ###'####
###......)†.# #......#
#......†#.#####......#
#.......#.....'......#
#.......#######......#
####+#### #......#
#......# #.# ####'###


You could see a centaur warrior, 3 hounds and 2 electric eels.

Vanquished Creatures
  A vault guard (Bailey)
  Maurice (D:7)
  A cyclops (D:7)
  Joseph (D:8)
  A rust devil (D:10)
  An orange demon (D:10)
  An unseen horror (D:11)
  A kobold demonologist (D:10)
  3 trolls
  A hornet (D:9)
  A hellwing (D:10)
  A shadow (D:7)
  A vampire (D:9)
  A wyvern (D:7)
  6 humans (Bailey)
  2 yaks (D:11)
  A neqoxec (D:10)
  A chaos spawn (D:10)
  2 vampire mosquitoes (D:11)
  2 steam dragons
  An acid dragon (D:10)
  8 nameless horrors (D:11)
  2 orc warriors (D:9)
  2 sky beasts
  3 black bears
  An ogre (D:7)
  5 centaurs
  2 wolves (D:11)
  A phantom (D:4)
  2 lemures (D:7)
  3 kobold brigands
  16 bullfrogs
  3 scorpions (D:6)
  11 wights
  18 killer bees
  4 howler monkeys (D:9)
  A bombardier beetle (D:6)
  5 hounds
  A quasit (D:10)
  5 orc priests
  3 jellies
  4 sleepcaps
  Ijyb (D:3)
  5 orc wizards
  6 gnolls
  3 adders
  2 shadow imps (D:7)
  A white imp (D:8)
  2 ufetubi (D:6)
  16 orcs
  7 ball pythons
  6 endoplasms
  4 giant cockroaches
  14 hobgoblins
  3 jackals (D:2)
  A quokka (D:4)
  4 bats (D:1)
  9 goblins
  23 kobolds
  5 rats
243 creatures vanquished.

Vanquished Creatures (collateral kills)
  A vault guard (Bailey)
  A two-headed ogre (D:7)
  A skeletal warrior (D:7)
  Pikel (D:7)
  A rust devil (D:10)
  An ice devil (D:10)
  A hellwing (D:10)
  A nameless horror (D:11)
  Prince Ribbit (Bailey)
  A ynoxinul (D:10)
  8 yaks
  A neqoxec (D:10)
  A human (Bailey)
  A steam dragon (D:7)
  An orc warrior (D:10)
  A centaur (D:10)
  2 bullfrogs
  7 wights
  A bombardier beetle (D:6)
  2 orc wizards
  A gnoll (D:6)
  An adder (D:6)
  2 white imps (D:7)
  3 ufetubi
  5 orcs
  3 hobgoblins
  4 goblins
  12 kobolds
66 creatures vanquished.

Vanquished Creatures (others)
  An acid dragon (D:9)
1 creature vanquished.

Grand Total: 310 creatures vanquished

Notes
Turn   | Place    | Note
-------+----------+-------------------------------------------
     0 | D:1      | Asfel the Demonspawn Chaos Knight began the quest for the
                  | Orb.
     0 | D:1      | Reached XP level 1. HP: 18/18 MP: 1/1
    88 | D:1      | XOM: noise
    90 | D:1      | Gained mutation: You sometimes gain a little power by
                  | taking damage. [demonic ancestry]
    90 | D:1      | Reached XP level 2. HP: 5/24 MP: 2/2
   525 | D:1      | Gained mutation: You have an unusually large brain. (Int
                  | +2) [demonic ancestry]
   525 | D:1      | Reached XP level 3. HP: 29/29 MP: 3/3
   694 | D:1      | XOM: scenery: create altars
   863 | D:2      | XOM: noise
   990 | D:2      | XOM: smoke on damage
  1062 | D:2      | Identified the +0 trident of Fragile Peace {heavy, rN++}
  1178 | D:2      | Reached skill level 1 in Dodging
  1225 | D:2      | XOM: cloud trail
  1267 | D:2      | XOM is BORED!
  1305 | D:2      | XOM: god gift: 21 gold pieces
  1327 | D:2      | XOM: noise
  1417 | D:3      | XOM: potion effect (haste)
  1418 | D:3      | XOM: potion effect (might)
  1421 | D:3      | XOM: potion effect (might)
  1429 | D:3      | Reached XP level 4. HP: 28/35 MP: 4/4
  1429 | D:3      | XOM: divination: detect creatures
  1437 | D:3      | XOM: silly message
  1447 | D:3      | Gained mutation: You have large cloven feet. [demonic
                  | ancestry]
  1447 | D:3      | Reached XP level 5. HP: 23/41 MP: 6/6
  1488 | D:3      | XOM: 2-stop teleportation journey
  1514 | D:3      | XOM: smoke on damage
  1517 | D:3      | Reached skill level 1 in Spellcasting
  1556 | D:3      | Found a faded altar of an unknown god.
  1628 | D:3      | Noticed Ijyb
  1632 | D:3      | XOM: cast spell 'Leda's Liquefaction'
  1638 | D:3      | Killed Ijyb
  2046 | D:3      | XOM: cloud trail
  2334 | D:4      | Found a blossoming altar of Fedhas.
  2334 | D:4      | XOM: potion effect (brilliance)
  2342 | D:4      | Found a broken altar of Ashenzari.
  2345 | D:4      | Found an iron altar of Okawaru.
  2365 | D:4      | Found an opulent altar of Gozag.
  2391 | D:4      | Found Gequth's Magic Scroll Shop.
  2396 | D:4      | Noticed a phantom
  2411 | D:4      | XOM: cast spell 'Chain of Chaos'
  2415 | D:4      | Killed a phantom
  2416 | D:4      | Reached skill level 5 in Long Blades
  2416 | D:4      | Reached XP level 6. HP: 34/48 MP: 8/8
  2475 | D:4      | XOM: give mutation
  2475 | D:4      | Gained mutation: You have a somewhat thin skeletal
                  | structure. (Dex +2, Stealth+) [Xom's grace]
  2478 | D:4      | You fall into a shaft and drop 2 floors!
  2545 | D:6      | XOM: scenery: create altars
  2554 | D:6      | Reached skill level 1 in Stealth
  2562 | D:6      | HP: 1/48 [burnt (5)]
  2563 | D:6      | Gained mutation: You have an extremely huge brain. (Int +4)
                  | [demonic ancestry]
  2563 | D:6      | Reached XP level 7. HP: 3/54 MP: 10/10
  2654 | D:6      | Noticed a yak
  2659 | D:6      | XOM: god gift: 30 gold pieces
  2659 | D:6      | Noticed a yak
  2660 | D:6      | Noticed a yak
  2660 | D:6      | Noticed a yak
  2664 | D:6      | XOM: cast spell 'Monstrous Menagerie'
  2667 | D:6      | Killed a yak
  2671 | D:6      | Killed a yak
  2674 | D:6      | Killed a yak
  2675 | D:6      | Gained mutation: You are faintly shadowed, very rarely
                  | releasing foul flame when damaged in melee. [demonic
                  | ancestry]
  2675 | D:6      | Reached XP level 8. HP: 45/61 MP: 12/12
  2788 | D:5      | Entered Level 5 of the Dungeon
  2797 | D:6      | XOM: 1-stop teleportation journey
  3044 | D:6      | XOM: polymorph hound -> hobgoblin
  3096 | D:6      | Found the +16 obsidian axe {drain, demonic, Mesm ^Drain Fly
                  | SInv}
  3097 | D:6      | XOM: summons friendly white imp
  3138 | D:6      | XOM: scenery: create altars
  3369 | D:6      | XOM: scenery: create altars
  3858 | D:7      | Noticed Pikel
  3862 | D:7      | XOM: cleaving
  3867 | D:7      | Killed Pikel
  3868 | D:7      | Reached skill level 5 in Fighting
  3868 | D:7      | Reached skill level 1 in Axes
  3868 | D:7      | Gained mutation: You have an absolutely massive brain. (Int
                  | +6, Wiz) [demonic ancestry]
  3868 | D:7      | Reached XP level 9. HP: 28/68 MP: 15/15
  3942 | D:7      | Reached skill level 2 in Axes
  4111 | D:7      | Reached skill level 3 in Axes
  4280 | D:7      | Found a flagged portal.
  4290 | D:7      | Reached skill level 5 in Spellcasting
  4306 | Bailey   | Entered a bailey
  4323 | Bailey   | Reached skill level 4 in Axes
  4323 | Bailey   | Reached skill level 5 in Stealth
  4342 | Bailey   | Gained mutation: You have hoof-like feet. [demonic
                  | ancestry]
  4342 | Bailey   | Reached XP level 10. HP: 73/75 MP: 17/17
  4354 | Bailey   | XOM: cloud trail
  4405 | Bailey   | Reached skill level 5 in Axes
  4423 | Bailey   | Noticed a vault guard
  4429 | Bailey   | Killed a vault guard
  4466 | Bailey   | Noticed a vault guard
  4466 | Bailey   | Noticed Prince Ribbit
  4471 | Bailey   | Killed a vault guard
  4472 | Bailey   | Reached skill level 6 in Axes
  4473 | Bailey   | Killed Prince Ribbit
  4719 | D:7      | XOM: summons friendly iron imp
  4722 | D:7      | XOM: smoke on damage
  4753 | D:7      | Noticed a skeletal warrior
  4755 | D:7      | Noticed a two-headed ogre
  4759 | D:7      | Noticed a cyclops
  4762 | D:7      | XOM: summons friendly iron imp
  4767 | D:7      | Killed a skeletal warrior
  4768 | D:7      | Reached skill level 7 in Axes
  4771 | D:7      | Killed a two-headed ogre
  4772 | D:7      | Reached skill level 5 in Armour
  4772 | D:7      | Reached XP level 11. HP: 43/83 MP: 20/20
  4791 | D:7      | Got the Parchment of Dire Snow
  4792 | D:7      | Identified the staff of Tyaxer {rC+ Dex+3 Ice}
  4795 | D:7      | Got Sif Muna's Elucidation of Flinty Last Rites
  4814 | D:7      | XOM: polymorph iron imp -> cerulean imp
  4994 | D:7      | Noticed Maurice
  4999 | D:7      | Maurice stole 222 gold
  5001 | D:7      | Killed Maurice
  5002 | D:7      | Reached skill level 8 in Axes
  5191 | D:8      | Noticed Joseph
  5192 | D:8      | XOM: enchant monster (good)
  5197 | D:8      | Killed Joseph
  5368 | D:8      | Found a radiant altar of Vehumet.
  5406 | D:8      | Reached skill level 1 in Earth Magic
  5467 | D:8      | Found a shimmering blue altar of Sif Muna.
  5468 | D:8      | Found an ancient bone altar of Kikubaaqudgha.
  5475 | D:8      | Got Kikubaaqudgha's Compilation of Carcasses
  5534 | D:8      | XOM: polymorph orange demon -> soul eater
  6034 | D:9      | XOM: fake destruction
  6038 | D:9      | Reached skill level 1 in Ice Magic
  6530 | D:9      | Reached skill level 5 in Dodging
  6530 | D:9      | Reached skill level 1 in Air Magic
  7172 | D:10     | Entered Level 10 of the Dungeon
  7179 | D:10     | Lost mutation: You have a somewhat thin skeletal structure.
                  | (Dex +2, Stealth+) [potion of mutation]
  7179 | D:10     | Gained mutation: You have an increased reservoir of magic.
                  | (+10% MP) [potion of mutation]
  7179 | D:10     | Gained mutation: Your natural rate of healing is unusually
                  | fast. [potion of mutation]
  7368 | D:10     | Reached skill level 9 in Axes
  7447 | D:10     | Learned a level 3 spell: Summon Ice Beast
  7449 | D:10     | Learned a level 1 spell: Kiss of Death
  7458 | D:10     | Learned a level 8 spell: Lehudib's Crystal Spear
  7463 | D:10     | Learned a level 4 spell: Dispel Undead
  7467 | D:10     | Learned a level 3 spell: Passwall
  7469 | D:10     | Learned a level 1 spell: Necrotise
  7472 | D:10     | Learned a level 2 spell: Mercury Vapours
  7529 | D:10     | XOM: smoke on damage
  7631 | D:10     | XOM: scenery: create altars
  7666 | D:10     | XOM: polymorph orange demon -> soul eater
  7859 | D:10     | XOM: divination: magic mapping
  8114 | D:10     | XOM: divination: detect items
  8176 | D:11     | Reached XP level 12. HP: 89/91 MP: 23/23
  8188 | D:11     | XOM: confusion
  8228 | D:11     | Found Huroch's Distillery.
  8233 | D:11     | Reached skill level 1 in Alchemy
  8234 | D:11     | Reached skill level 1 in Summonings
  8235 | D:11     | Reached skill level 1 in Conjurations
  8246 | D:11     | Bought a potion of brilliance for 60 gold pieces
  8246 | D:11     | Bought a potion of heal wounds for 75 gold pieces
  8288 | D:11     | XOM: 2-stop teleportation journey
  8585 | D:11     | XOM: scenery: 2 doors open, 1 doors close
  8747 | D:11     | XOM: fog
  8772 | D:11     | Noticed a centaur warrior
  8780 | D:11     | Killed from afar by an electric eel

Illustrated notes

Levels and vault maps discovered:
D:1:      spicycebolla_arrival_clurvy, layout_loops_corners, amethyst_killhole
D:2:      layout_rooms, kennysheep_generic_room_6
D:3:      layout_basic, ebering_ecumenical_altar_abandoned, hellmonk_no_cap,
          uniq_ijyb
D:4:      layout_rooms, grunt_temple_overflow_cloverleaf,
          minmay_temple_entry_hall, serial_shops, nicolae_square_shop,
          uniq_natasha
D:5:      layout_gridville, nicolae_overflow_hidden_temple
D:6:      corexii_shantytown, layout_cave_pods, kennysheep_diamond
D:7:      minmay_the_grid_square_5x5_3x3 [minmay_the_grid_square_5x5_six,
          minmay_the_grid_square_5x5_two_walls_a,
          minmay_the_grid_square_5x5_fat_x, minmay_the_grid_square_5x5_three,
          minmay_the_grid_square_5x5_megaprize_crossed,
          minmay_the_grid_square_5x5_corner,
          minmay_the_grid_square_5x5_sharp_hourglass,
          minmay_the_grid_square_5x5_checkered_statues,
          minmay_the_grid_square_5x5_detours], layout_basic, enter_bailey_2,
          uniq_maurice, uniq_pikel, uniq_crazy_yiuf_cottage
D:8:      kennysheep_kobold_camp, layout_rooms,
          grunt_temple_overflow_magic_moments, uniq_joseph
D:9:      layout_grid_maze
D:10:     layout_basic, serial_demonic, serial_demonic_g, serial_demonic_f,
          serial_demonic_e, serial_demonic_d
D:11:     layout_roguey, erik_lair_island, serial_shops, shop

Skill      XL: |  1  2  3  4  5  6  7  8  9 10 11 12 |
---------------+-------------------------------------+-----
Long Blades    | 3 4 5 6 7 |  7.2
Dodging        | 1 2 4 5 |  5.0
Armour         | 2 3 4 5 6 |  6.2
Spellcasting   | 1 2 4 5 6 |  6.2
Fighting       | 4 5 6 7 |  7.6
Stealth        | 1 3 5 |  5.8
Axes           | 1 4 7 9 |  9.6
Earth Magic    | 2 |  2.7
Ice Magic      | 2 |  2.7
Air Magic      | 2 |  2.5
Alchemy        | 1 |  1.4
Summonings     | 1 |  1.4
Conjurations   | 1 |  1.1
Necromancy     | |  0.2

Action                     |  1- 3 |  4- 6 |  7- 9 | 10-12 || total
---------------------------+-------+-------+-------+-------++-------
  Melee: Falchion          |    94 |    92 |    87 |       ||   273
         Kick              |       |    27 |    38 |    68 ||   133
         Broad axe         |       |       |    50 |   276 ||   326
    Use: Scroll            |     4 |     2 |     4 |    11 ||    21
         Potion            |       |       |     1 |    13 ||    14
   Stab: Confused          |       |     2 |       |       ||     2
         Sleeping          |       |     1 |     8 |     2 ||    11
         Distracted        |       |       |       |     3 ||     3
         Petrified         |       |       |       |     3 ||     3
 Armour: Leather armour    |   112 |    85 |    94 |    17 ||   308
         Plate armour      |       |       |       |   416 ||   416
         Skin              |       |       |       |     1 ||     1
  Dodge: Dodged            |   105 |    57 |   121 |   170 ||   453

Table legend: (Time is in decaauts)
 A = Elapsed time spent in this place.
 B = Non-inter-level travel time spent in this place.
 C = Inter-level travel time spent in this place.
 D = Time resting spent in this place.
 E = Time spent auto-exploring this place.
 F = Levels seen in this place.
 G = Mean time per level.
                   A        B        C        D        E       F      G
               +--------+--------+--------+--------+--------+-----+--------+
         Total |   8820 |   8291 |    529 |      0 |   5379 |  12 |  735.0 |
       Dungeon |   8609 |   8080 |    529 |      0 |   5339 |  11 |  782.6 |
        Bailey |    210 |    210 |      0 |      0 |     40 |   1 |  210.0 |
               +--------+--------+--------+--------+--------+-----+--------+

Top non-repeatable levels by time:
     D:6: 1348 daAuts
     D:9: 1198 daAuts
     D:7: 1139 daAuts
    D:10: 1006 daAuts
     D:3: 899 daAuts
     D:1: 869 daAuts
     D:8: 821 daAuts
    D:11: 618 daAuts
     D:2: 506 daAuts
  Bailey: 210 daAuts
     D:4: 200 daAuts
     D:5: 1 daAuts
